Map: Central Protocol

Players

Grumm

  • Race: Zerg Zerg
  • League: Gold

guitarmusash - Winner!

  • Race: Terran Terran
  • League: Silver

VOD

Have the link to the VOD?

Description

Time

  • Played on: Jan. 30, 2016, 5:21 p.m.
  • Length: 10:54
Show
View Real Time Build Order
Export as new Build Order

Grumm Zerg 

Build Orders: Hatch First 

Get SALT Encoding   

  12  0:02  Drone  
  13  0:32  Hatchery  
  13  0:35  Drone  
  13  0:39  Drone  
  14  0:48  Overlord  
  14  1:07  Spawning Pool  
  14  1:08  Drone  
  14  1:17  Drone x2  
  16  1:29  Extractor  
  16  1:32  Drone x2  
  17  1:33  Extractor  
  16  1:49  Drone x2  
  18  1:58  Zergling x4  
  20  2:03  Queen  
  22  2:09  Spine Crawler  
  22  2:11  Drone  
  22  2:41  Queen  
  24  2:44  Lair  
  24  3:01  Drone x4  
  27  3:37  Drone, Overlord  
  28  3:51  Hydralisk Den  
  27  3:58  Roach Warren  
  27  4:00  Drone  
  27  4:01  Drone x5  
  27  4:02  Drone x2  
  34  4:09  Pneumatized Carapace  
  34  4:17  Metabolic Boost  
  34  4:34  Drone  
  34  4:35  Drone, Overlord  
  36  4:42  Evolution Chamber  
  36  4:45  Drone, Extractor  
  34  4:46  Drone  
  34  4:47  Extractor  
  34  4:48  Drone  
  36  4:57  Roach  
  36  4:58  Roach x3  
  44  5:05  Spore Crawler  
  43  5:14  Zerg Missile Weapons Level 1  
  43  5:17  Overlord  
  43  5:18  Overlord  
  43  5:35  Hydralisk  
  43  5:36  Hydralisk x3  
  51  6:02  Spore Crawler  
  51  6:04  Hydralisk x5  
  60  6:41  Overlord x2  
  60  6:46  Glial Reconstitution, Muscular Augments  
  60  6:54  Infestation Pit  
  60  6:59  Overlord  
  59  7:01  Hydralisk x2  
  59  7:02  Hydralisk x2  
  51  7:23  Hydralisk x2  
  55  7:30  Drone x7  
  62  7:55  Zerg Ground Armor Level 1  
  62  7:57  Drone  
  62  7:58  Drone x3  
  66  7:59  Overlord  
  66  8:06  Evolution Chamber  
  66  8:09  Overlord  
  74  8:54  Burrow  
  74  9:00  Swarm Host  
  80  9:23  Overlord x2  
  80  9:25  Drone  
  80  9:26  Drone x8  
  79  10:05  Zergling x16  
  79  10:06  Zergling x14  
  77  10:17  Roach x3  
  78  10:35  Roach  
Show
View Real Time Build Order
Export as new Build Order

guitarmusash Terran - Winner!

Build Orders:  

Get SALT Encoding   

  12  0:01  SCV  
  13  0:13  SCV  
  14  0:19  Supply Depot  
  14  0:25  SCV  
  15  0:40  SCV  
  15  0:42  Barracks  
  16  0:50  Refinery  
  16  0:52  SCV  
  17  1:04  SCV  
  18  1:17  SCV  
  19  1:29  SCV  
  20  1:34  Reaper  
  20  1:35  Command Center  
  21  1:43  Orbital Command  
  21  1:52  Supply Depot  
  21  2:06  Barracks Reactor  
  21  2:12  SCV  
  22  2:19  Refinery  
  22  2:25  SCV  
  22  2:29  Factory  
  23  2:36  Supply Depot  
  24  2:37  SCV  
  24  2:44  Marine x2  
  24  2:49  Orbital Command, SCV  
  27  3:05  SCV  
  27  3:09  Marine x2  
  30  3:17  SCV  
  31  3:29  SCV  
  31  3:30  Starport, SCV  
  33  3:43  Supply Depot, Marine  
  33  3:44  Command Center  
  34  3:53  Refinery, SCV  
  35  3:56  SCV  
  35  4:02  Marine x2  
  38  4:03  Liberator  
  38  4:10  SCV x2  
  40  4:22  SCV x2  
  40  4:24  Factory Reactor  
  45  4:34  SCV  
  45  4:35  SCV, Barracks x2  
  47  4:46  SCV  
  47  4:47  SCV  
  49  4:54  Refinery  
  49  4:56  Orbital Command  
  49  4:59  SCV x2  
  51  5:07  Command Center  
  51  5:12  Marine x2  
  53  5:22  Liberator  
  53  5:26  Factory Tech Lab  
  53  5:30  Marine  
  54  5:35  Engineering Bay  
  54  5:36  Engineering Bay, Barracks Reactor  
  54  5:37  Barracks  
  54  5:40  Barracks Tech Lab  
  54  5:41  Barracks  
  57  5:44  Supply Depot  
  57  5:55  Liberator  
  57  5:57  Marine x3  
  57  5:59  Siege Tank  
  63  6:09  SCV x3  
  66  6:16  Stimpack  
  69  6:21  SCV x3  
  72  6:30  Orbital Command  
  72  6:33  SCV x2  
  72  6:34  SCV  
  75  6:45  SCV x2  
  77  6:53  SCV  
  78  6:57  SCV  
  78  6:58  SCV  
  78  7:00  SCV  
  78  7:01  Refinery, Marine x5  
  82  7:04  Barracks Reactor  
  82  7:05  SCV  
  82  7:06  Terran Infantry Weapons Level 1  
  82  7:07  Terran Infantry Armor Level 1, Barracks Reactor  
  87  7:09  SCV  
  88  7:20  Marauder  
  87  7:22  Marine  
  87  7:23  Marine x3  
  87  7:24  Siege Tank  
  87  7:25  Medivac x2  
  98  7:40  Marine x2  
  98  7:41  Fusion Core  
  100  7:55  Liberator x2  
  100  7:59  Marauder, Marine x8  
  100  8:02  Supply Depot  
  100  8:03  Supply Depot  
  100  8:04  Supply Depot  
  100  8:05  Supply Depot x2  
  110  8:09  Armory  
  116  8:24  Marauder, Marine  
  116  8:26  Marine  
  116  8:27  Marine x4  
  119  8:28  Barracks Tech Lab  
  124  8:46  Marauder  
  124  8:47  Marine x7  
  133  8:49  Liberator  
  133  9:04  Marine  
  133  9:05  Advanced Ballistics  
  133  9:07  Marauder  
  133  9:09  Hellion x2  
  143  9:20  SCV x4  
  143  9:24  Refinery  
  147  9:28  Marauder, Marine  
  147  9:29  Refinery, Marine x6  
  147  9:31  Refinery  
  156  9:38  Supply Depot  
  156  9:41  Supply Depot x2  
  156  9:43  Supply Depot  
  156  9:48  Marine x4, SCV x2  
  156  9:49  Marauder, Marine x2, SCV x2, Hellion x2  
  156  9:50  Marauder  
  174  10:03  Supply Depot  
  174  10:05  Supply Depot  
  174  10:06  Marine  
  170  10:10  Marauder  
  170  10:11  Marauder  
  174  10:22  Marine x4  
  177  10:32  Marauder x2  
Tags
 
Add a new tag
Caveats
  • Supply blocks, unpowered buildings, or Contaminate may cause inaccurate times.
  • Supply counts are checked every 10 seconds.